 Dungeon Crawl Stone Soup version 0.26-a0-665-gefeb406119 (console) character file.

Game seed: 7800762851400159734

186 om the Covered (level 5, -6/47 HPs)
             Began as a Minotaur Fighter on Oct 13, 2020.
             Killed by divine providence
             ... invoked by an orc priest
              (10 damage)
             ... on level 4 of the Dungeon.
             The game lasted 00:03:44 (2462 turns).

om the Covered (Minotaur Fighter)                   Turns: 2462, Time: 00:03:45

Health: -6/47      AC: 12    Str: 21    XL:     5   Next: 38%
Magic:  4/4        EV:  5    Int:  5    God:
Gold:   144        SH: 15    Dex: 10    Spells: 4/4 levels left

rFire    . . .     SeeInvis .   a - +0 war axe
rCold    . . .     Faith    .   c - +0 kite shield
rNeg     . . .     Spirit   .   f - +1 chain mail {rPois}
rPois    +         Reflect  +   (helmet restricted)
rElec    .         Harm     .   k - +0 cloak
rCorr    .         Rampage  .   (no gloves)
MR       .....                  (no boots)
Stlth    ..........             l - amulet of reflection
HPRegen  0.15/turn              (no ring)
MPRegen  0.09/turn              (no ring)

@: mighty, lethally poisoned (-6 -> -12)
A: retaliatory headbutt, horns 2
a: no special abilities


You were on level 4 of the Dungeon.
You visited 1 branch of the dungeon, and saw 4 of its levels.

You collected 144 gold pieces.

Inventory:

Hand Weapons
 a - a +0 war axe (weapon)
Armour
 c - a +0 kite shield (worn)
 f - a +1 chain mail of poison resistance (worn)
 k - a +0 cloak (worn)
Jewellery
 l - an amulet of reflection (around neck)
Wands
 q - a wand of acid (6)
Scrolls
 b - 4 scrolls of remove curse {unknown}
 e - a scroll of fog {unknown}
 h - a scroll of amnesia {unknown}
 i - 5 scrolls of identify {unknown}
 m - a scroll of enchant armour {unknown}
 r - a scroll of teleportation {unknown}
 s - a scroll of blinking {unknown}
Potions
 d - 2 potions of stabbing {unknown}
 g - a potion of resistance {unknown}
 j - a potion of magic {unknown}
 n - 2 potions of lignification {unknown}
 p - 2 potions of degeneration {unknown}
 t - a potion of mutation {unknown}
 u - a potion of heal wounds {unknown}


   Skills:
 + Level 4.4 Fighting
 * Level 4.1 Axes
 - Level 5.0 Armour
 - Level 5.0 Shields


You had 4 spell levels left.
You didn't know any spells.
Your spell library was empty.

Dungeon Overview and Level Annotations

Branches:
Dungeon (4/15)
 Temple: D:4-7

Altars:


Innate Abilities, Weirdness & Mutations

You reflexively headbutt those who attack you in melee.
You have a pair of horns on your head.


Message History

You kill the orc!
You barely miss the orc. You closely miss the worker ant.
You block the worker ant's attack. You block the orc's attack.
The worker ant bites you but does no damage.
The orc priest calls down the wrath of Beogh upon you.
Pain shoots through your body!
* * * LOW HITPOINT WARNING * * *
You are too injured to fight recklessly!
The orc completely misses you. You block the orc's attack.
The worker ant bites you.
* * * LOW HITPOINT WARNING * * *
You are lethally poisoned!
The worker ant poisons you!
* * * LOW HITPOINT WARNING * * *
You feel sick.
The frilled lizard hisses.
The orc priest calls down the wrath of Beogh upon you.
Beogh smites you!
You die...

......(.##.# ...
...........# ##.#
.....<...##### ##...###
.............###..#...
#####....###...#.#..#
#.##..###....#.#
#..##........?.#
##.....####...##
##..#.####..##
###..#.##ol).#
######......@B.##)..<..#
##.....#######...o..###.#
#.##....### #.......#
#.......# #.####....
#.###...# #.# .##.# ##.##
#.# .# .# ##..# ..# .. #
#..## .## ###>## #...#
##.###


You could see a worker ant, an orc priest, an orc and a frilled lizard.

Vanquished Creatures
  An orc priest (D:3)
  An orc wizard (D:4)
  A gnoll (D:1)
  5 adders (D:3)
  An ooze (D:1)
  A worm (D:2)
  2 dart slugs (D:1)
  2 leopard geckos
  6 orcs
  3 giant cockroaches
  4 goblins
  4 hobgoblins (D:1)
  3 jackals (D:1)
  9 bats
  4 frilled lizards
  11 kobolds
  6 rats
64 creatures vanquished.

Notes
Turn   | Place    | Note
-------+----------+-------------------------------------------
     0 | D:1      | om the Minotaur Fighter began the quest for the Orb.
     0 | D:1      | Reached XP level 1. HP: 19/19 MP: 0/0
   244 | D:1      | Reached XP level 2. HP: 27/27 MP: 1/1
   453 | D:1      | Reached XP level 3. HP: 31/33 MP: 2/2
  1618 | D:3      | Reached XP level 4. HP: 40/40 MP: 3/3
  1794 | D:3      | Reached XP level 5. HP: 44/46 MP: 4/4
  1993 | D:3      | Found a faded altar of an unknown god.
  2449 | D:4      | Identified the ring of Xoggapp {rPois rC- MP+9 Int+10
                  | Stlth-}
  2455 | D:4      | Reached skill level 5 in Armour
  2455 | D:4      | Reached skill level 5 in Shields
  2462 | D:4      | Killed from afar by an orc priest

Illustrated notes

Levels and vault maps discovered:
D:1:      shiori_shiawase, layout_loops_cross
D:2:      layout_basic, columned_hall_lemuel
D:3:      layout_loops_ring, chequers_ecumenical_altar_simple_redux,
          minivault_14, item_on_display_a
D:4:      layout_rooms, lemuel_coloured_pillars_altar, uniq_sigmund,
          uniq_duvessa

Skill      XL: |  1  2  3  4  5 |
---------------+----------------+-----
Shields        | 4 5 |  5.0
Armour         | 4 5 |  5.0
Axes           | 3 4 |  4.1
Fighting       | 4 |  4.4

Action                   |  1- 3 |  4- 6 || total
-------------------------+-------+-------++-------
Melee: War axe           |    99 |    73 ||   172
       Headbutt          |     6 |     9 ||    15
  Use: Potion            |     1 |     1 ||     2
Armor: Chain mail        |    31 |    34 ||    65
Dodge: Dodged            |    18 |    15 ||    33
Block: Kite shield       |    69 |    75 ||   144
       Reflection        |     1 |     6 ||     7

Table legend: (Time is in decaauts)
 A = Elapsed time spent in this place.
 B = Non-inter-level travel time spent in this place.
 C = Inter-level travel time spent in this place.
 D = Time resting spent in this place.
 E = Time spent auto-exploring this place.
 F = Levels seen in this place.
 G = Mean time per level.
                   A        B        C        D        E       F      G
               +--------+--------+--------+--------+--------+-----+--------+
         Total |   2532 |   2462 |     70 |    343 |   1584 |   4 |  633.0 |
       Dungeon |   2532 |   2462 |     70 |    343 |   1584 |   4 |  633.0 |
               +--------+--------+--------+--------+--------+-----+--------+

Top non-repeatable levels by time:
     D:3: 865 daAuts
     D:1: 859 daAuts
     D:2: 746 daAuts
     D:4: 60 daAuts
